 Dungeon Crawl Stone Soup version 0.29.0-11-gd7f09526c8 (webtiles) character file.

Game seed: 6630815251496245296

126086 sentinel the Gelid (level 17, 0/134 HPs)
             Began as a Meteoran Earth Elementalist on Sept 5, 2022.
             Was the Champion of Cheibriados.
             Drowned by a quicksilver ooze (4 damage)
             ... on level 1 of the Pits of Slime.
             The game lasted 01:56:14 (3186 turns).

sentinel the Gelid (Meteoran Earth Elementalist)    Turns: 3186, Time: 01:56:15

Health: 0/134      AC: 10    Str: 25    XL:     17   Next: 26%
Magic:  16/37      EV: 18    Int: 40    God:    Cheibriados [******]
Gold:   0          SH:  0    Dex: 30    Spells: 13/46 levels left

rFire   . . .      SeeInvis .   r - staff of earth {!a}
rCold   + . .      Faith    .   (no shield)
rNeg    . . .      Spirit   .   w - +1 troll leather armour
rPois   .          Reflect  .   x - +1 hat
rElec   .          Harm     .   g - +2 cloak
rCorr   .          Rampage  .   (no gloves)
Will    ++...                   a - +0 pair of boots
Stlth   +.........              e - amulet of magic regeneration
HPRegen 1.12/turn               c - ring of protection from cold
MPRegen 0.65/turn               j - +4 ring of slaying

@: engulfed (cannot breathe), animating dead, glowing, very slow
A: sense surroundings 2, otherworldly, glowing, explore regen, sturdy frame 1
}: 2/15 runes: decaying, serpentine
a: Renounce Religion, Bend Time, Temporal Distortion, Slouch, Step From Time


You were on level 1 of the Pits of Slime.
You worshipped Cheibriados.
Cheibriados was exalted by your worship.
You visited 6 branches of the dungeon, and saw 26 of its levels.

Inventory:

Hand Weapons
 b - a +2 dagger of electrocution
 y - the +2 falchion of Peavong {elec, rCorr Str+4}
   (You found it on level 5 of the Lair of Beasts)

   It occasionally discharges a powerful burst of electricity upon striking a
   foe.
   Str:       It affects your strength (+4).
   rCorr:     It protects you from acid and corrosion.
 G - the +5 rapier of the Shouting Gods {freeze, Will+}
   (You found it on level 5 of the Lair of Beasts)

   It freezes those it strikes, dealing additional cold damage.
   It can also slow down cold-blooded creatures.
   Will:      It increases your willpower.
 J - a +0 demon whip of venom
Missiles
 o - 8 silver javelins
 p - 3 boomerangs (quivered)
 D - a throwing net
Armour
 a - a +0 pair of boots (worn)
 g - a +2 cloak (worn)
 w - a +1 troll leather armour (worn)
 x - a +1 hat (worn)
 O - a +0 kite shield of reflection
Magical Staves
 r - a staff of earth (weapon) {!a}
Jewellery
 c - a ring of protection from cold (left hand)
 e - an amulet of magic regeneration (around neck)
 i - a ring of see invisible
 j - a +4 ring of slaying (right hand)
 n - a +6 ring of strength
 z - a ring of ice
Wands
 A - a wand of acid (8)
 I - a wand of iceblast (13)
 L - a wand of mindburst (12)
 P - a wand of paralysis (8)
 V - a wand of flame (9)
Scrolls
 f - a scroll of fog
 k - a scroll of enchant weapon
 l - a scroll of amnesia
 m - 3 scrolls of poison
 t - 4 scrolls of teleportation
 H - a scroll of torment
 K - 2 scrolls of immolation
 Q - a scroll of silence {unknown}
Potions
 d - 3 potions of might
 h - a potion of cancellation {unknown}
 q - a potion of curing
 s - a potion of attraction
 u - a potion of resistance {unknown}
 v - 2 potions of lignification
 B - a potion of heal wounds {unknown}
 C - 2 potions of flight {unknown}
 E - a potion of invisibility {unknown}
 F - a potion of brilliance {unknown}
 M - 2 potions of mutation
 N - 2 potions of ambrosia {unknown}


   Skills:
 - Level 8.0 Fighting
 + Level 12.0 Throwing
 - Level 6.0 Dodging
 - Level 1.4 Stealth
 - Level 15.0 Spellcasting
 - Level 4.0 Conjurations
 - Level 10.0 Necromancy
 - Level 1.2 Transmutations
 - Level 15.5 Ice Magic
 - Level 15.1 Earth Magic
 - Level 7.0 Invocations
 * Level 6.7 Evocations


You had 13 spell levels left.
You knew the following spells:

 Your Spells              Type           Power      Damage    Failure   Level
a - Sandblast             Erth           100%       2d20      0%          1
b - Stone Arrow           Conj/Erth      100%       3d13      1%          3
c - Passwall              Tmut/Erth      80%        N/A       1%          2
d - Death Channel         Necr           41%        N/A       2%          6
h - Ozocubu's Refrigerat  Ice            50%        4d18      1%          7
l - Lee's Rapid Deconstr  Erth           61%        3d29*     1%          5
w - Borgnjor's Vile Clut  Necr/Erth      57%        N/A       1%          5
E - Animate Dead          Necr           83%        N/A       1%          4

Your spell library contained the following spells:

 Spells                   Type           Power      Damage    Failure   Level
 Ozocubu's Armour         Ice            100%       N/A       0%          3
 Sting                    Tmut/Pois      100%       1d8       1%          1
 Poisonous Vapours        Pois/Air       60%        N/A       1%          2
 Static Discharge         Conj/Air       46%        3-9/arc   1%          2
 Vampiric Draining        Necr           83%        2d11      1%          3
 Dispel Undead            Necr           83%        3d27      1%          4
 Petrify                  Tmut/Erth      97%        N/A       1%          4
 Freezing Cloud           Conj/Ice/Air   35%        6-21      1%          5
 Corpse Rot               Necr/Pois/Air  54%        N/A       2%          4
 Gell's Gravitas          Tloc           30%        N/A       3%          3
 Teleport Other           Tloc           30%        N/A       3%          3
 Fulminant Prism          Conj/Hex       23%        3d13      4%          4
 Iskenderun's Mystic Bla  Conj/Tloc      46%        2d10      4%          4
 Olgreb's Toxic Radiance  Pois           30%        N/A       11%         4
 Starburst                Conj/Fire      23%        6d8       56%         6
 Dispersal                Tloc           15%        N/A       85%         6
 Polar Vortex             Ice            50%        N/A       88%         9


Dungeon Overview and Level Annotations

Branches:
Dungeon (11/15) Zot: 8132  Temple (1/1) D:5 Zot: 880    Lair (5/5) D:10 Zot: 3277
  Swamp (4/4) Lair:2 Zot: 2380   Snake (4/4) Lair:2 Zot: 2782   Slime (1/5) Lair:5 Zot: 890
    Orc (0/2) D:10

Altars:
Cheibriados
Sif Muna
Trog
Uskayaw
Wu Jian
Jiyva

Shops:
Snake:2 *

Annotations:
D:4 Pikel
Lair:2 exclusions: downstairs and 1 more exclusion
Snake:1 !silver javs


Innate Abilities, Weirdness & Mutations

You passively map the area around you.
You are easily found by Zot.
You glow in the dark.
You regain HP and MP as you explore.
Your movements are slightly less encumbered by armour. (ER -2)


Message History

Aiming: Paralyse
Press: ? - help, Shift-Dir - straight line, f - you
Okay, then.
Throw: 3 boomerangs
Press: ? - help, Q - select action, (/) - cycle Shift-Dir - straight line, f - quicksilver ooze
Aim: a quicksilver ooze (66% to hit)
Okay, then.
Press: ? - help, v - describe, . - travel
Here: a quicksilver ooze The floor.
Okay, then.
Throw: 3 boomerangs
Press: ? - help, Q - select action, (/) - cycle Shift-Dir - straight line, f - quicksilver ooze
Aim: a quicksilver ooze (66% to hit)
You throw a boomerang.
The boomerang hits the quicksilver ooze but does no damage.
You feel sick.
Throw: 3 boomerangs
Press: ? - help, Q - select action, (/) - cycle Shift-Dir - straight line, f/p - quicksilver ooze
Aim: a quicksilver ooze (66% to hit)
You throw a boomerang.
The boomerang hits the quicksilver ooze!
The quicksilver ooze is moderately wounded.
The quicksilver ooze misses you. The quicksilver ooze hits you.
You feel your power leaking away.
Throw: 3 boomerangs
Press: ? - help, Q - select action, (/) - cycle Shift-Dir - straight line, f/p - quicksilver ooze
Aim: a quicksilver ooze (moderately wounded, 66% to hit)
You throw a boomerang.
The boomerang closely misses the quicksilver ooze.
You feel sick. The quicksilver ooze hits you!
The quicksilver ooze completely misses you.
Throw: 3 boomerangs
Press: ? - help, Q - select action, (/) - cycle Shift-Dir - straight line, f/p - quicksilver ooze
Aim: a quicksilver ooze (moderately wounded, 66% to hit)
You throw a boomerang.
The boomerang hits the quicksilver ooze!
The quicksilver ooze is heavily wounded.
The quicksilver ooze hits you!! The quicksilver ooze engulfs you!
The quicksilver ooze misses you. The quicksilver ooze hits you!
The quicksilver ooze hits you but does no damage.
Throw: 3 boomerangs
Press: ? - help, Q - select action, (/) - cycle Shift-Dir - straight line, f/p - quicksilver ooze
Aim: a quicksilver ooze (heavily wounded, 66% to hit)
You throw a boomerang.
The boomerang closely misses the quicksilver ooze.
Your lungs strain for air!
You feel sick. The quicksilver ooze hits you!!
The quicksilver ooze hits you but does no damage.
Throw: 3 boomerangs
Press: ? - help, Q - select action, (/) - cycle Shift-Dir - straight line, f/p - quicksilver ooze
Aim: a quicksilver ooze (heavily wounded, 66% to hit)
You throw a boomerang.
The boomerang barely misses the quicksilver ooze.
Your lungs strain for air!
The quicksilver ooze hits you.
The quicksilver ooze hits you but does no damage.
Throw: 3 boomerangs
Press: ? - help, Q - select action, (/) - cycle Shift-Dir - straight line, f/p - quicksilver ooze
Aim: a quicksilver ooze (heavily wounded, 66% to hit)
You throw a boomerang.
The boomerang barely misses the quicksilver ooze.
Your lungs strain for air!
You feel sick. The quicksilver ooze hits you! x2
* * * LOW HITPOINT WARNING * * *
You feel your power leaking away.
Okay, then.
You slip free of the ooze engulfing you.
You gasp with relief as air once again reaches your lungs.
You feel sick.
You are no longer poisoned.
The quicksilver ooze hits you!
* * * LOW HITPOINT WARNING * * *
The quicksilver ooze engulfs you! The quicksilver ooze hits you!
* * * LOW HITPOINT WARNING * * *
You feel your power leaking away. The quicksilver ooze hits you!
* * * LOW HITPOINT WARNING * * *
The quicksilver ooze barely misses you.
HP warning!
Okay, then.
You cannot read scrolls while unable to breathe!
Unknown command.
Okay, then.
Okay, then.
Okay, then.
You cannot read scrolls while unable to breathe!
Okay, then.
Press: ? - help, v - describe, . - travel
Here: a quicksilver ooze (heavily wounded)
A staircase back to the Lair.
Okay, then.
Unknown command.
Throw: 3 boomerangs
Press: ? - help, Q - select action, (/) - cycle Shift-Dir - straight line, f/p - quicksilver ooze
Aim: a quicksilver ooze (heavily wounded, 66% to hit)
Okay, then.
Unknown command.
Throw: 3 boomerangs
Press: ? - help, Q - select action, (/) - cycle Shift-Dir - straight line, f/p - quicksilver ooze
Aim: a quicksilver ooze (heavily wounded, 66% to hit)
Okay, then.
Okay, then.
Throw: 3 boomerangs
Press: ? - help, Q - select action, (/) - cycle Shift-Dir - straight line, f/p - quicksilver ooze
Aim: a quicksilver ooze (heavily wounded, 66% to hit)
Okay, then.
Throw: 9 javelins (silver)
Press: ? - help, Shift-Dir - straight line, f/p - quicksilver ooze
Aim: a quicksilver ooze (heavily wounded, 66% to hit)
Okay, then.
Okay, then.
Throw: throwing net
Press: ? - help, Shift-Dir - straight line, f/p - quicksilver ooze
Aim: a quicksilver ooze (heavily wounded, 66% to hit, immune to nets)
Okay, then.
Okay, then.
Okay, then.
Unknown command.
Okay, then.
Unknown command.
Press: ? - help, v - describe, . - travel The floor, spattered with blood.
Okay, then.
Okay, then.
Press: ? - help, v - describe, . - travel
Here: a quicksilver ooze (heavily wounded)
A staircase back to the Lair.
Throw: 9 javelins (silver)
Press: ? - help, Shift-Dir - straight line, f/p - quicksilver ooze
Aim: a quicksilver ooze (heavily wounded, 66% to hit)
You throw a silver javelin.
The silver javelin pierces through the quicksilver ooze!!
The quicksilver ooze is almost dead.
* * * LOW HITPOINT WARNING * * *
Your lungs strain for air!
The quicksilver ooze hits you.
The quicksilver ooze hits you but does no damage.
The quicksilver ooze closely misses you. x2
HP warning!
Unknown command.
Okay, then.
Unknown command.
Throw: 3 boomerangs
Press: ? - help, Q - select action, (/) - cycle Shift-Dir - straight line, f/p - quicksilver ooze
Aim: a quicksilver ooze (almost dead, 66% to hit)
You throw a boomerang.
The boomerang hits the quicksilver ooze.
The quicksilver ooze is almost dead.
You die...

....# #..... #....
......* #....,
.....#
**.##....##....#
.......#....##
......#......# *
.............#
.......J..# *
.....>..@.#** *
..........# *
......#..... *
..#..#......#* *
.............# * *
..#.#....#..... *
,...#......#.##.#,,,
, , ....... .. .. ,
,, , ,, , , ,, *


You could see a quicksilver ooze.

Vanquished Creatures
  the Lernaean hydra (Swamp:4)
  Vashnia (Snake:4)
  A ghoul (Swamp:4)
  A bunyip (Swamp:4)
  A shambling mangrove (Swamp:3)
  A salamander tyrant (Snake:4)
  8 hydras
  A merfolk avatar (Lair:5)
  4 naga warriors
  3 anacondas
  A catoblepas (Lair:5)
  3 ghost crabs
  2 alligators
  3 death yaks
  6 naga sharpshooters
  Amaemon (Lair:2)
  A salamander mystic (Snake:4)
  3 spriggan riders
  4 goliath frogs
  A spriggan druid (Swamp:1)
  A swamp dragon (Swamp:3)
  2 harpies (Lair:5)
  5 salamanders
  2 will-o-the-wisps (Swamp:2)
  2 guardian serpents (Snake:4)
  6 naga magi
  An elephant (Lair:4)
  6 black mambas
  An orange demon (Lair:2)
  4 cane toads
  A gargoyle (D:10)
  Maggie (D:6)
  4 rime drakes
  2 komodo dragons (Lair:5)
  A troll (D:10)
  A wind drake (Lair:5)
  A polar bear (Lair:4)
  4 hornets
  2 bloated husks (Swamp:3)
  3 tyrant leeches
  5 blink frogs
  15 yaks
  4 spriggans
  5 wyverns
  A wraith (D:11)
  5 vampire mosquitoes
  2 steam dragons
  16 nagas
  9 swamp worms
  Edmund (D:5)
  5 water moccasins
  A swamp drake (Swamp:4)
  A sky beast (D:6)
  An ogre (D:5)
  2 ice beasts
  A boggart (Lair:4)
  3 centaurs (D:8)
  A phantom (D:5)
  4 lemures (D:4)
  A gnoll sergeant (D:9)
  2 necrophages
  6 bullfrogs
  A scorpion (D:6)
  10 wights
  A naga zombie (Snake:4)
  10 killer bees
  An electric eel (Lair:2)
  2 howler monkeys (D:10)
  3 gnoll boudas
  3 hounds
  2 orc priests
  2 iguanas (D:5)
  2 orc wizards
  9 hell rats
  18 gnolls
  5 adders
  A shadow imp (D:8)
  10 orcs
  An endoplasm (D:4)
  2 giant cockroaches
  3 hobgoblins
  7 jackals
  3 quokkas (D:10)
  A ball python (D:2)
  3 bats
  A kobold (D:2)
  2 rats
291 creatures vanquished.

Vanquished Creatures (collateral kills)
  A tentacled monstrosity (Swamp:3)
  Donald (Swamp:3)
  A nagaraja (Snake:4)
  A fenstrider witch (Swamp:2)
  A ghoul (Swamp:4)
  2 eleionomae
  A bunyip (Swamp:3)
  A shambling mangrove (Swamp:4)
  A salamander tyrant (Snake:4)
  6 hydras
  5 anacondas
  A two-headed ogre (D:9)
  2 salamander mystics
  5 naga sharpshooters
  4 swamp dragons
  4 naga ritualists
  5 bog bodies
  A lindwurm (Lair:5)
  3 mana vipers (Snake:1)
  2 will-o-the-wisps (Swamp:4)
  2 elephants
  3 guardian serpents (Snake:4)
  7 black mambas
  5 naga magi
  3 cane toads
  2 rime drakes
  A komodo dragon (Lair:4)
  3 hornets
  2 blink frogs
  A wind drake (Lair:5)
  A tyrant leech (Swamp:2)
  2 wyverns
  6 yaks
  3 vampire mosquitoes
  2 steam dragons
  4 swamp worms
  14 nagas
  2 water moccasins (Lair:5)
  7 swamp drakes (Swamp:4)
  A necrophage (Swamp:4)
  A wight (D:8)
  A killer bee (D:8)
  An electric eel (Lair:2)
  2 hounds (D:9)
  A hell rat (Lair:4)
  3 gnolls (D:9)
  A plant (Lair:5)
129 creatures vanquished.

Vanquished Creatures (others)
  4 anaconda zombies
  A mana viper zombie (Snake:1)
  A hydra zombie (Swamp:4)
  A bloated husk (Swamp:1)
  A harpy zombie (Lair:5)
  5 black mamba zombies
  A wind drake zombie (Lair:5)
  2 spriggan zombies (Swamp:4)
  A cane toad zombie (Lair:5)
  2 swamp dragon zombies
  A vampire mosquito zombie (D:10)
  A rime drake zombie (Lair:5)
  2 salamander zombies (Snake:4)
  2 wyvern zombies
  2 water moccasin zombies (Lair:5)
  21 naga zombies
  A yak zombie (Lair:1)
  A bullfrog zombie (Lair:3)
  A centaur zombie (D:8)
  7 killer bee zombies
  An ice beast zombie (D:8)
  4 hell rat zombies
  A howler monkey zombie (D:10)
  A swamp drake zombie (Swamp:4)
  6 gnoll zombies
  5 orc zombies
  3 quokka zombies (D:10)
  16 foxfires
  5 fungi
  63 plants
163 creatures vanquished.

Grand Total: 583 creatures vanquished

Notes
Turn   | Place    | Note
-------+----------+-------------------------------------------
     0 | D:1      | sentinel the Meteoran Earth Elementalist began the quest
                  | for the Orb.
     0 | D:1      | Reached XP level 1. HP: 14/14 MP: 5/5
    26 | D:1      | You fall into a shaft and drop 1 floor!
   123 | D:2      | Reached XP level 2. HP: 20/20 MP: 4/6
   172 | D:2      | Learned a level 2 spell: Passwall
   187 | D:3      | Reached XP level 3. HP: 26/26 MP: 5/8
   225 | D:3      | Reached skill level 1 in Conjurations
   246 | D:3      | Got the Octavo of Stolen Souls and Cold
   267 | D:4      | Noticed a lemure
   269 | D:4      | Noticed Pikel
   269 | D:4      | Noticed a lemure
   270 | D:4      | Noticed a lemure
   271 | D:4      | Noticed a lemure
   282 | D:4      | Reached XP level 4. HP: 31/33 MP: 7/9
   296 | D:4      | Reached skill level 5 in Earth Magic
   315 | D:4      | Killed a lemure
   318 | D:4      | Noticed a necrophage
   321 | D:3      | Reached XP level 5. HP: 19/38 MP: 10/10
   325 | D:3      | Learned a level 3 spell: Stone Arrow
   330 | D:3      | Learned a level 4 spell: Animate Dead
   335 | D:3      | You fall into a shaft and drop 3 floors!
   349 | D:6      | Noticed a sky beast
   353 | D:6      | Killed a sky beast
   354 | D:6      | Reached skill level 1 in Necromancy
   354 | D:6      | Reached XP level 6. HP: 31/45 MP: 6/12
   377 | D:5      | Entered Level 5 of the Dungeon
   412 | D:5      | Noticed Edmund
   431 | D:4      | Reached XP level 7. HP: 32/50 MP: 1/14
   442 | D:4      | Gained mutation: Your movements are slightly less
                  | encumbered by armour. (ER -2) [potion of mutation]
   442 | D:4      | Gained mutation: You passively map the area around you.
                  | [potion of mutation]
   522 | D:5      | Reached XP level 8. HP: 57/57 MP: 7/15
   556 | D:5      | Reached skill level 5 in Necromancy
   559 | D:5      | Found a staircase to the Ecumenical Temple.
   582 | Temple   | Entered the Ecumenical Temple
   589 | Temple   | Became a worshipper of Cheibriados the Contemplative
   601 | D:5      | Killed Edmund
   602 | D:5      | Reached skill level 5 in Spellcasting
   636 | D:5      | Learned a level 5 spell: Borgnjor's Vile Clutch
   669 | D:6      | Noticed Maggie
   673 | D:6      | Killed Maggie
   674 | D:6      | Mutation became permanent: You passively map a small area
                  | around you. [Meteoran growth]
   674 | D:6      | Gained mutation: You passively map the area around you.
                  | [Meteoran growth]
   674 | D:6      | Reached XP level 9. HP: 52/62 MP: 4/19
   769 | D:8      | Reached skill level 10 in Earth Magic
   773 | D:8      | Reached * piety under Cheibriados
   780 | D:8      | Reached XP level 10. HP: 63/69 MP: 1/20
   869 | D:9      | Found a bloodstained altar of Trog.
   886 | D:9      | Reached ** piety under Cheibriados
   933 | D:9      | Found an ornate altar of the Wu Jian Council.
   963 | D:9      | Found a shimmering blue altar of Sif Muna.
   973 | D:9      | Noticed a two-headed ogre
   978 | D:9      | Killed a two-headed ogre
   979 | D:9      | Reached skill level 15 in Earth Magic
   996 | D:10     | Entered Level 10 of the Dungeon
  1024 | D:9      | Reached XP level 11. HP: 75/75 MP: 12/21
  1029 | D:9      | Reached skill level 1 in Fighting
  1095 | D:10     | Reached *** piety under Cheibriados
  1096 | D:10     | Noticed a death yak
  1097 | D:10     | Noticed a death yak
  1102 | D:10     | Noticed a death yak
  1111 | D:10     | Killed a death yak
  1113 | D:10     | Killed a death yak
  1120 | D:10     | Reached skill level 5 in Fighting
  1202 | D:10     | Reached skill level 1 in Invocations
  1214 | D:10     | Found a staircase to the Lair.
  1238 | D:10     | Learned a level 5 spell: Lee's Rapid Deconstruction
  1239 | Lair:1   | Entered Level 1 of the Lair of Beasts
  1285 | Lair:1   | Reached **** piety under Cheibriados
  1295 | Lair:1   | Noticed a seven-headed hydra
  1298 | Lair:1   | Killed a seven-headed hydra
  1301 | Lair:2   | Noticed a death yak
  1309 | Lair:2   | Killed a death yak
  1310 | Lair:2   | Reached XP level 12. HP: 94/94 MP: 15/26
  1322 | Lair:2   | Found a staircase to the Snake Pit.
  1326 | Lair:2   | Reached skill level 5 in Invocations
  1353 | Lair:3   | Noticed a five-headed hydra
  1359 | Lair:3   | Killed a five-headed hydra
  1388 | Lair:4   | Reached skill level 10 in Spellcasting
  1430 | Lair:5   | Entered Level 5 of the Lair of Beasts
  1436 | Lair:5   | Found a viscous altar of Jiyva.
  1436 | Lair:5   | Found a staircase to the Slime Pits.
  1454 | Lair:5   | Noticed a catoblepas
  1458 | Lair:5   | Killed a catoblepas
  1462 | Lair:5   | Reached skill level 1 in Throwing
  1462 | Lair:5   | Noticed a five-headed hydra
  1465 | Lair:5   | Killed a five-headed hydra
  1487 | Lair:5   | Noticed a lindwurm
  1492 | Lair:5   | Killed a lindwurm
  1494 | Lair:5   | Reached skill level 5 in Throwing
  1498 | Lair:5   | Reached ***** piety under Cheibriados
  1522 | Lair:5   | Noticed a seven-headed hydra
  1527 | Lair:5   | Killed a seven-headed hydra
  1528 | Lair:5   | Reached XP level 13. HP: 100/100 MP: 24/30
  1600 | Lair:5   | Noticed a merfolk avatar
  1600 | Lair:5   | Noticed a seven-headed hydra
  1607 | Lair:5   | Killed a seven-headed hydra
  1616 | Lair:5   | Killed a merfolk avatar
  1627 | Lair:5   | Identified the +2 falchion of Peavong {elec, rCorr Str+4}
  1633 | Lair:5   | Identified the +5 rapier of the Shouting Gods {freeze,
                  | Will+}
  1659 | Lair:5   | Reached skill level 1 in Evocations
  1701 | Lair:5   | Noticed a death yak
  1762 | Lair:2   | Noticed Amaemon
  1767 | Lair:2   | Killed Amaemon
  1768 | Lair:2   | Reached skill level 5 in Evocations
  1868 | Lair:2   | Learned a level 6 spell: Death Channel
  1869 | Snake:1  | Entered Level 1 of the Snake Pit
  1899 | Snake:2  | Reached skill level 5 in Dodging
  1909 | Snake:1  | Noticed an anaconda
  1927 | Snake:2  | Noticed a naga warrior
  1931 | Snake:2  | Killed a naga warrior
  1932 | Snake:2  | Reached XP level 14. HP: 114/115 MP: 21/31
  1966 | Snake:2  | Found Lugedwi's Assorted Antiques.
  1987 | Snake:3  | Reached skill level 10 in Necromancy
  2005 | Snake:4  | Entered Level 4 of the Snake Pit
  2047 | Snake:4  | Reached skill level 10 in Throwing
  2073 | Snake:4  | Reached ****** piety under Cheibriados
  2150 | Snake:4  | Noticed a nagaraja
  2152 | Snake:4  | Killed a nagaraja
  2153 | Snake:4  | Reached XP level 15. HP: 77/121 MP: 16/34
  2153 | Snake:4  | Noticed Vashnia
  2160 | Snake:4  | Killed Vashnia
  2176 | Snake:4  | Reached skill level 15 in Spellcasting
  2190 | Snake:4  | Got a serpentine rune of Zot
  2310 | Snake:1  | Reached skill level 5 in Ice Magic
  2397 | Lair:2   | Found a staircase to the Swamp.
  2410 | Swamp:1  | Entered Level 1 of the Swamp
  2606 | Swamp:2  | Reached skill level 10 in Ice Magic
  2606 | Swamp:2  | Reached XP level 16. HP: 64/128 MP: 20/36
  2641 | Swamp:3  | Noticed a tentacled monstrosity
  2647 | Swamp:3  | Killed a tentacled monstrosity
  2652 | Swamp:3  | Noticed Donald
  2659 | Swamp:3  | Killed Donald
  2667 | Swamp:4  | Entered Level 4 of the Swamp
  2725 | Swamp:4  | Noticed a ghoul
  2727 | Swamp:4  | Noticed a ghoul
  2729 | Swamp:4  | Killed a ghoul
  2732 | Swamp:4  | Killed a ghoul
  2813 | Swamp:4  | Identified the +1 scale mail "Memeum" {-Cast Dex+5}
  2817 | Swamp:4  | Noticed the 27-headed Lernaean hydra
  2821 | Swamp:4  | Killed the 27-headed Lernaean hydra
  2840 | Swamp:4  | Reached XP level 17. HP: 134/134 MP: 35/37
  2841 | Swamp:4  | Reached skill level 15 in Ice Magic
  2857 | Swamp:4  | Got a decaying rune of Zot
  2985 | Swamp:2  | Got the Compilation of Excruciating Firn
  3012 | Swamp:2  | Noticed a fenstrider witch
  3015 | Swamp:2  | Killed a fenstrider witch
  3152 | Lair:5   | Learned a level 7 spell: Ozocubu's Refrigeration
  3174 | Slime:1  | Entered Level 1 of the Pits of Slime
  3185 | Slime:1  | HP: 3/134 [drowned by a quicksilver ooze (5)]
  3186 | Slime:1  | Drowned by a quicksilver ooze

Illustrated notes

Levels and vault maps discovered:
D:1:      minmay_arrival_hallway, layout_loops_ring, basic_ecumenical_altar
D:2:      layout_loops_corners, grunt_ministairs_12, dk_noncrumbling_2
D:3:      layout_rooms, nrook_uturn, kennysheep_generic_room_3, uniq_ijyb,
          uniq_grinder, uniq_robin
D:4:      minmay_bubble_buster, layout_basic, supply_closet_lemuel, uniq_pikel
D:5:      layout_rooms, mainiacjoe_overflow_alcove_1,
          minmay_temple_entry_sparse_star, kennysheep_boxes, uniq_edmund
D:6:      layout_basic, kennysheep_mini_moat, minivault_11, uniq_sigmund,
          uniq_maggie
D:7:      layout_rooms, kennysheep_small_spiral
D:8:      layout_rooms, minmay_misc_feat_doors, uniq_joseph
D:9:      layout_cave_pools, lemuel_tele_altar, mainiacjoe_overflow_alcove_2,
          kennysheep_little_box, grunt_temple_overflow_gold_and_silver,
          serial_gnoll_camp, gnoll_camp_medium_01, gnoll_camp_mini_loothouse,
          gnoll_camp_mini_basic, gnoll_camp_mini_sergeant, gnoll_camp_mini_house
D:10:     layout_loops_ring, dpeg_lair_monsters, serial_park_tiny_pond
D:11:     layout_gridville, chequers_serial_rivers_large_b, minmay_holes
Temple:   regret_index_temple_waves
Lair:1:   layout_gridlike, grunt_megastairs_4
Lair:2:   mu_elephants_graveyard, layout_long_grid, swamp_mist_pool,
          minmay_snake_entry_guardpost_small, serial_bayou_pond_b,
          serial_bayou_pond_e, uniq_amaemon
Lair:3:   layout_regular_city, grunt_megastairs_1, lemuel_fruit_fields
Lair:4:   dreamdust_cave_troll, layout_layer_cave, kilobyte_rumbling_trees,
          lemuel_fruit_fields
Lair:5:   gammafunk_lair_ancient_temple, layout_gridlike, slime_entry_1,
          gauntlet_entry_generic, grunt_forest_stairs_basic, lemuel_fruit_tree
Swamp:1:  layout_falls_marsh, serial_swamp_ruin, evilmike_swamp_ruin_house_2,
          evilmike_swamp_ruin_house_5, evilmike_swamp_ruin_house_3, swamp_pool1,
          ldierk_geyser, hangedman_swamp_lotus
Swamp:2:  layout_basic_swamp, gammafunk_ghost_mausoleum,
          evilmike_swamp_ruin_house_6, swamp_pool4, infiniplex_staircase_pool_2
Swamp:3:  layout_basic_swamp, evilmike_swamp_ruin_rubble_1, uniq_donald
Swamp:4:  swamp_basic_johnstein, layout_basic_swamp
Snake:1:  layout_misc_corridors, special_room
Snake:2:  layout_rooms, serial_shops, nicolae_shop_waterfront
Snake:3:  layout_chambers, serial_shops, nicolae_shop_bloodbath_and_beyond,
          grunt_megastairs_3, minmay_shoptagon, uniq_nikola
Snake:4:  grunt_snake_rune_serpentine_throne, layout_cave_town,
          gammafunk_ghost_necromancy, nicolae_shop_i_like_big_books,
          serial_bayou_pond_c, drop_trap, nicolae_snake_round_shape_thing,
          uniq_aizul
Slime:1:  layout_caves

Skill      XL: |  1  2  3  4  5  6  7  8  9 10 11 12 13 14 15 16 17 |
---------------+----------------------------------------------------+-----
Earth Magic    | 4 5 6 8 11 15 | 15.1
Conjurations   | 1 2 3 4 |  4.0
Spellcasting   | 3 4 6 9 12 14 15 | 15.0
Necromancy     | 1 2 4 6 8 9 10 | 10.0
Fighting       | 5 8 |  8.0
Invocations    | 4 7 |  7.0
Throwing       | 6 8 11 12 | 12.0
Evocations     | 5 6 |  6.7
Dodging        | 6 |  6.0
Ice Magic      | 10 14 15 | 15.5
Stealth        | |  1.4
Transmutations | |  1.2

Action                   |  1- 3 |  4- 6 |  7- 9 | 10-12 | 13-15 | 16-18 || total
-------------------------+-------+-------+-------+-------+-------+-------++-------
Throw: Boomerang         |       |       |       |       |     7 |    10 ||    17
       Javelin           |       |       |       |       |     4 |     6 ||    10
 Cast: Sandblast         |    26 |    24 |    28 |    23 |     5 |       ||   106
       Stone Arrow       |       |     9 |    31 |    12 |    11 |     9 ||    72
       Animate Dead      |       |     1 |     3 |    10 |    13 |     5 ||    32
       Borgnjor's Vile C |       |       |     9 |    57 |    87 |    49 ||   202
       Passwall          |       |       |     1 |    16 |    15 |     7 ||    39
       Lee's Rapid Decon |       |       |       |     8 |    22 |     7 ||    37
       Death Channel     |       |       |       |       |    10 |     7 ||    17
       Ozocubu's Refrige |       |       |       |       |       |     1 ||     1
Invok: Temporal Distorti |       |       |       |     1 |       |     2 ||     3
       Slouch            |       |       |       |       |       |     2 ||     2
       Step From Time    |       |       |       |       |       |     2 ||     2
Evoke: Wand              |       |       |       |     7 |     8 |     3 ||    18
  Use: Scroll            |     3 |     1 |       |     8 |     9 |     1 ||    22
       Potion            |       |       |     2 |     1 |     4 |     1 ||     8
Armor: Robe              |    10 |     8 |     4 |       |       |       ||    22
       Steam dragon scal |       |       |     3 |     6 |       |       ||     9
       Troll leather arm |       |       |       |    12 |    39 |    20 ||    71
Dodge: Dodged            |    24 |    25 |    17 |    44 |    94 |    50 ||   254
